 Dungeon Crawl Stone Soup version 0.18.1-48-g4cf74bf (webtiles) character file.

251639 Peloso the Fencer (level 18, -1/170 HPs)
             Began as a Minotaur Fighter on Sept 4, 2016.
             Was the Champion of Okawaru.
             Slain by a sun demon (15 damage)
             ... summoned by a deep elf mage
             ... on level 1 of the Elven Halls.
             The game lasted 02:52:34 (40405 turns).

Peloso the Fencer (Minotaur Fighter)               Turns: 40405, Time: 02:52:35

Health: -1/170     AC: 42    Str: 25    XL:     18   Next: 94%
Magic:  20/20      EV: 15    Int:  0    God:    Okawaru [******]
Gold:   2399       SH: 19    Dex: 16    Spells: 0 memorised, 17 levels left

rFire  . . .     SeeInvis .     c - +2 demon blade (freeze)
rCold  . . .     Gourm    .     Z - +0 crystal plate armour
rNeg   + + .     Faith    +     k - +1 shield {AC+3}
rPois  .         Spirit   .     r - +2 hat
rElec  .         Dismiss  .     E - +0 cloak
rCorr  .         Reflect  .     i - +2 pair of gloves of Nirudu {rN++ MR+++ Int-5 Dex-3}
SustAt .         Harm     .     G - +1 pair of boots
MR     ++++.                    I - amulet of faith
Stlth  ..........               V - +5 ring of dexterity
                                p - +6 ring of slaying

@: heroism, very slightly contaminated, hasted and slowed, lost intelligence,
drained, incredibly resistant to hostile enchantments, extremely unstealthy
A: retaliatory headbutt, horns 2
a: Heroism, Finesse, Renounce Religion
}: 2/15 runes: decaying, serpentine


You were on level 1 of the Elven Halls.
You worshipped Okawaru.
Okawaru was exalted by your worship.
You were not hungry.

You visited 7 branches of the dungeon, and saw 35 of its levels.
You also visited: Labyrinth.

You collected 2984 gold pieces.
You spent 585 gold pieces at shops.

Inventory:

Hand Weapons
 c - a +2 demon blade of freezing (weapon)
 F - a +2 scimitar of flaming
Armour
 b - a +1 pair of gloves of strength
 h - the +2 shield of the Lair of Beasts {rCorr SInv}
   (You bought it in a shop on level 2 of the Orcish Mines)

   It lets you see invisible.
   It protects you from acid and corrosion.
 i - the +2 pair of gloves of Nirudu (worn) {rN++ MR+++ Int-5 Dex-3}
   (Okawaru gifted it to you on level 4 of the Lair of Beasts)

   It affects your intelligence (-5).
   It affects your dexterity (-3).
   It greatly protects you from negative energy.
   It affects your resistance to hostile enchantments.
 k - a +1 shield of protection (worn)
 r - a +2 hat (worn)
 t - the +1 large shield of the Last Lives {rF+ MR++ Int-5}
   (You took it off Louise on level 1 of the Elven Halls)

   It affects your intelligence (-5).
   It protects you from fire.
   It affects your resistance to hostile enchantments.
 E - a +0 cloak (worn)
 G - a +1 pair of boots (worn)
 Z - a +0 crystal plate armour (worn)
Jewellery
 p - a +6 ring of slaying (left hand)
 y - a +4 ring of strength
 I - an amulet of faith (around neck)
 J - an uncursed ring of poison resistance
 N - an uncursed ring of flight
 Q - an uncursed ring of protection from magic
 T - an uncursed ring of see invisible
 V - a +5 ring of dexterity (right hand)
Wands
 B - a wand of hasting (2/9)
 L - a wand of digging (22/24)
Scrolls
 a - 3 scrolls of enchant armour
 e - 13 scrolls of identify
 g - 9 scrolls of remove curse
 o - 3 scrolls of fear
 q - 3 scrolls of teleportation
 s - 5 scrolls of blinking
 x - 6 scrolls of recharging
 C - 6 scrolls of enchant weapon
Potions
 d - 9 potions of might
 l - 3 potions of curing
 m - a potion of heal wounds
 n - 4 potions of agility
 u - a potion of berserk rage
 A - 3 potions of invisibility
 D - 5 potions of flight
 H - 6 potions of haste
 K - 2 potions of resistance
Comestibles
 f - 20 bread rations
 w - 13 meat rations
 z - 3 royal jellies
 O - a slice of pizza
 P - 6 beef jerkies


   Skills:
 + Level 17.2(22.1) Fighting
 + Level 20.5(25.5) Long Blades
 + Level 17.6(22.5) Armour
 + Level 11.3(16.3) Dodging
 + Level 1.6(6.6) Stealth
 + Level 20.0(24.9) Shields
 + Level 4.8 Invocations
 + Level 0.5(0.4) Evocations


You had 17 spell levels left.
You didn't know any spells.

Dungeon Overview and Level Annotations

Branches:
Dungeon (15/15)            Temple (1/1) D:7            Lair (8/8) D:9
  Swamp (4/4) Lair:6        Snake (4/4) Lair:4        Slime (0/6) Lair:8
    Orc (2/2) D:9             Elf (1/3) Orc:2        Vaults (0/5) D:14
 Depths (0/5) D:15

Altars:
Ashenzari
Cheibriados
Dithmenos
Elyvilon
Fedhas
Gozag
Kikubaaqudgha
Makhleb
Nemelex Xobeh
Okawaru
Pakellas
Qazlal
Ru
Sif Muna
Trog
Vehumet
Xom
Yredelemnul
Zin
The Shining One
Beogh
Jiyva

Shops:
D:8 *   D:15 !   Orc:2 (*[?(

Annotations:
D:8 1 runed door
Lair:8 1 runed door


Innate Abilities, Weirdness & Mutations

You reflexively headbutt those who attack you in melee.
You have a pair of horns on your head.


Message History

The deep elf mage is heavily wounded.
The hell rat closely misses you. You furiously retaliate!
You headbutt the hell rat! You block the sun demon's attack.
You block the redback's attack. The redback completely misses you.
You furiously retaliate!
You headbutt the redback!
Unknown command.
You slash the deep elf mage! You freeze the deep elf mage.
Your headbutt misses the deep elf mage.
The deep elf mage is almost dead.
The deep elf mage mumbles some strange words.
The deep elf mage blinks!
The hell rat bites you but does no damage.
You block the sun demon's attack. You block the redback's attack.
The redback bites you but does no damage.
You open the door. You block the redback's attack.
The redback completely misses you. You block the hell rat's attack.
The sun demon hits you!
* * * LOW HITPOINT WARNING * * *
You are engulfed in flames!
You die...

#.........# #..#...#..#
#.###.###.# ####
#..#...#..#
#..###.........# ###
#...##########'#
##..#####....#....####.#
........'rs..).....)...#
.....[. #@3..e.....#####
.......##sre)#.....#
........#r..##.....#
#))#(###.....# ##(#(#
#.....# ##)#(# #.....#
#..).# #.....# #5s3....#
#.....#
#..#r.##...##.....#


You could see a sun demon, a deep elf archer, a deep elf mage, 2 redbacks and 3
hell rats.

Vanquished Creatures
  the Lernaean hydra (Swamp:4)
  Jorgrun (Swamp:3)
  The ghost of Kiel97 the Pulveriser, an adept MiGl of Trog (Swamp:3)
  Rupert (Lair:3)
  Gastronok (Lair:3)
  Kirke (Swamp:3)
  2 thorn hunters
  Agnes (Snake:4)
  9 greater nagas
  Roxanne (Swamp:2)
  Aizul (Snake:1)
  A frost giant (D:15)
  Louise (Elf:1)
  The ghost of dricus the Fighter, a journeyman GrEE of Vehumet (Lair:8)
  A very ugly thing (Swamp:2)
  A deep elf demonologist (Elf:1)
  Snorg (Lair:7)
  A minotaur (Lab)
  4 vault guards (D:14)
  11 naga warriors
  19 hydras
  A ghost crab (Swamp:3)
  Erolcha (D:8)
  2 catoblepae
  An ogre mage (Orc:2)
  6 alligators
  14 anacondas
  A dancing weapon (Elf:1)
  4 centaur warriors
  A tengu warrior (D:15)
  9 death yaks
  14 shock serpents
  14 naga sharpshooters
  3 orc high priests (Orc:2)
  6 salamander mystics
  16 naga ritualists
  A sea snake (Snake:2)
  4 unseen horrors
  9 swamp dragons
  A spriggan druid (Swamp:3)
  9 hill giants
  A deep elf archer (Elf:1)
  A necromancer (Swamp:3)
  14 mana vipers
  6 orc knights
  12 ugly things
  4 orc sorcerers (Orc:2)
  8 salamanders
  3 griffons
  An oklob plant (Lair:1)
  15 deep elf magi
  3 cyclopes
  17 slime creatures
  3 manticores
  Joseph (D:8)
  21 elephants
  46 black mambas
  6 guardian serpents
  3 gargoyles
  19 naga magi
  23 spiny frogs
  An efreet (D:14)
  4 rime drakes (Lair:8)
  A yaktaur (D:15)
  13 komodo dragons
  2 tengu conjurers
  A hydra zombie (Swamp:3)
  10 giant leeches
  3 trolls
  5 two-headed ogres
  15 bog bodies
  Prince Ribbit (D:7)
  23 blink frogs
  A boulder beetle (Lair:7)
  An air elemental (Elf:1)
  5 shadows
  A centaur simulacrum (D:14)
  A water elemental (D:14)
  2 wyverns
  2 wraiths
  44 yaks
  3 spriggans
  3 basilisks
  A hog (Swamp:4)
  8 vampire mosquitoes
  11 hippogriffs
  4 hungry ghosts
  14 insubstantial wisps
  2 mottled dragons
  12 swamp worms
  4 wargs
  66 nagas
  16 water moccasins
  Duvessa (D:7)
  12 porcupines
  11 swamp drakes
  3 ice beasts
  27 orc warriors
  2 sky beasts
  5 black bears
  A swamp dragon zombie (Swamp:3)
  3 necrophages
  19 ogres
  An eye of draining (D:13)
  4 wasps
  8 wolves
  15 centaurs
  14 crocodiles
  A komodo dragon zombie (Swamp:3)
  18 giant frogs
  A big kobold (D:10)
  3 gnoll sergeants
  A wyvern skeleton (D:12)
  4 scorpions
  Dowan (D:7)
  39 killer bees
  A swamp dragon simulacrum (Swamp:3)
  19 wights
  6 howler monkeys
  4 electric eels
  10 crimson imps
  2 giant frog zombies
  3 lava snakes (Lair:4)
  2 quasits
  3 centaur zombies
  7 hounds
  2 jellies
  24 orc wizards
  2 giant frog skeletons
  17 orc priests
  Crazy Yiuf (D:7)
  10 iguanas
  Jessica (D:2)
  4 centaur skeletons
  7 worker ants
  29 sheep
  A hound zombie (D:8)
  3 hound skeletons
  A howler monkey zombie (D:10)
  2 worker ant zombies
  16 gnolls
  15 adders
  105 river rats
  3 shadow imps
  12 white imps (Lair:7)
  2 oozes
  An adder zombie (D:5)
  An adder skeleton (D:6)
  7 worms
  7 giant geckos
  117 orcs
  2 ball pythons
  6 bats
  3 bat zombies (D:8)
  7 giant cockroaches
  7 hobgoblins
  19 jackals
  4 quokkas
  A ball python skeleton (D:4)
  7 giant newts
  10 goblins
  A jackal zombie (D:7)
  20 kobolds
  A quokka skeleton (D:7)
  5 rats
  A fungus (Lair:8)
  A plant (Lair:8)
1401 creatures vanquished.

Vanquished Creatures (others)
  5 humans (Swamp:4)
  A hungry ghost (D:11)
  2 swamp drakes (Swamp:4)
  A wasp (Swamp:3)
  A centaur (D:11)
  An orc wizard (D:8)
  26 fungi
  7 plants
44 creatures vanquished.

Grand Total: 1445 creatures vanquished

Notes
Turn   | Place    | Note
--------------------------------------------------------------
     0 | D:1      | Peloso the Minotaur Fighter began the quest for the Orb.
     0 | D:1      | Reached XP level 1. HP: 19/19 MP: 0/0
    37 | D:1      | Reached XP level 2. HP: 19/27 MP: 1/1
   385 | D:2      | Reached XP level 3. HP: 30/33 MP: 2/2
   411 | D:2      | Noticed Jessica
   420 | D:2      | Killed Jessica
   475 | D:2      | Reached XP level 4. HP: 41/41 MP: 3/3
   571 | D:2      | Reached skill level 1 in Dodging
  1364 | D:3      | Found a bloodstained altar of Trog.
  1744 | D:4      | Reached XP level 5. HP: 47/47 MP: 4/4
  1886 | D:4      | Found a shadowy altar of Dithmenos.
  1936 | D:4      | Reached skill level 5 in Armour
  1936 | D:4      | Reached skill level 5 in Shields
  1936 | D:4      | Reached XP level 6. HP: 41/53 MP: 5/5
  2153 | D:4      | Found a burning altar of Makhleb.
  2153 | D:4      | Found a radiant altar of Vehumet.
  2314 | D:5      | Entered Level 5 of the Dungeon
  2397 | D:5      | Reached skill level 5 in Fighting
  2435 | D:5      | Reached XP level 7. HP: 58/61 MP: 1/6
  2482 | D:5      | Found an iron altar of Okawaru.
  2490 | D:5      | Became a worshipper of Warmaster Okawaru
  3313 | D:6      | Reached XP level 8. HP: 60/70 MP: 5/7
  3497 | D:6      | Reached * piety under Okawaru
  3563 | D:6      | Reached skill level 5 in Long Blades
  3996 | D:6      | Found a basalt altar of Yredelemnul.
  4159 | D:7      | Reached skill level 5 in Dodging
  4163 | D:7      | Found a sparkling altar of Nemelex Xobeh.
  4203 | D:7      | Noticed Crazy Yiuf
  4214 | D:7      | Killed Crazy Yiuf
  4276 | D:7      | Found a shattered altar of Ashenzari.
  4393 | D:7      | Noticed Prince Ribbit
  4404 | D:7      | Killed Prince Ribbit
  4475 | D:7      | Found a staircase to the Ecumenical Temple.
  4481 | Temple   | Entered the Ecumenical Temple
  4599 | D:7      | Reached XP level 9. HP: 78/78 MP: 5/8
  4779 | D:7      | Reached ** piety under Okawaru
  4959 | D:7      | Noticed Dowan
  4960 | D:7      | Noticed Duvessa
  4969 | D:7      | Killed Dowan
  5020 | D:7      | Killed Duvessa
  5650 | D:8      | Noticed Joseph
  5679 | D:8      | Killed Joseph
  5788 | D:8      | Found an ancient bone altar of Kikubaaqudgha.
  5903 | D:8      | Found Nabliukas's Assorted Antiques.
  5943 | D:8      | Bought a bound marble ring for 175 gold pieces
  5947 | D:8      | Identified the ring of the Ladybird {Dex+3 Stlth-} (You bought it in a shop on level 8 of the Dungeon)
  6006 | D:8      | Noticed Erolcha
  6022 | D:8      | Killed Erolcha
  6022 | D:8      | Reached *** piety under Okawaru
  6022 | D:8      | Reached XP level 10. HP: 12/88 MP: 2/9
  6294 | D:8      | Found a runed door.
  6294 | D:8      | Found a glowing silver altar of Zin.
  6294 | D:8      | Noticed an angel
  6621 | D:9      | Found a blossoming altar of Fedhas.
  6934 | D:9      | Found a sacrificial altar of Ru.
  6934 | D:9      | Found an opulent altar of Gozag.
  6941 | D:9      | Reached **** piety under Okawaru
  6995 | D:9      | Reached skill level 1 in Invocations
  7002 | D:9      | Reached skill level 10 in Shields
  7377 | D:9      | Killed an unseen horror
  7377 | D:9      | Reached skill level 10 in Armour
  7558 | D:9      | Identified a scroll of acquirement
  7561 | D:9      | Got a steaming cloak
  7572 | D:9      | Identified the +0 cloak of Midsummer {-Tele rF- Regen+ rCorr} (You acquired it on level 9 of the Dungeon)
  7659 | D:9      | Found a deep blue altar of Sif Muna.
  7660 | D:9      | Found a glowing golden altar of the Shining One.
  7660 | D:9      | Found an iron altar of Okawaru.
  7791 | D:9      | Found a staircase to the Orcish Mines.
  8093 | D:9      | Found a staircase to the Lair.
  8352 | D:10     | Entered Level 10 of the Dungeon
  8394 | D:10     | Reached XP level 11. HP: 90/95 MP: 10/10
  8468 | D:10     | Reached ***** piety under Okawaru
  8551 | D:10     | Received a gift from Okawaru
  9065 | D:10     | Killed an unseen horror
  9162 | D:10     | Noticed a cyan ugly thing
  9178 | D:10     | Killed a cyan ugly thing
  9178 | D:10     | Received a gift from Okawaru
  9222 | D:10     | Noticed a hill giant
  9250 | D:10     | Killed a hill giant
  9377 | Lair:1   | Entered Level 1 of the Lair of Beasts
  9406 | Lair:1   | Reached skill level 10 in Long Blades
  9893 | Lair:1   | Found a sacrificial altar of Ru.
  9896 | Lair:1   | Noticed an oklob plant
  9916 | Lair:1   | Killed an oklob plant
 10559 | Lair:2   | Reached skill level 10 in Fighting
 10576 | Lair:2   | Reached XP level 12. HP: 55/105 MP: 12/12
 11496 | Lair:3   | Noticed Gastronok
 11874 | Lair:3   | Killed Gastronok
 11874 | Lair:3   | Received a gift from Okawaru
 11935 | Lair:3   | Noticed a death yak
 11936 | Lair:3   | Noticed a death yak
 11978 | Lair:2   | Killed a death yak
 12265 | Lair:2   | Killed a death yak
 12515 | Lair:3   | Noticed a death yak
 12518 | Lair:3   | Noticed a death yak
 12544 | Lair:2   | Killed a death yak
 12615 | Lair:2   | Killed a death yak
 13048 | Lair:3   | Noticed Rupert
 13108 | Lair:4   | Found a staircase to the Snake Pit.
 13311 | Lair:4   | Noticed a catoblepas
 13336 | Lair:4   | Killed a catoblepas
 13599 | Lair:4   | Reached XP level 13. HP: 89/115 MP: 14/14
 13683 | Lair:4   | Received a gift from Okawaru
 13750 | Lair:4   | Got a pair of steaming gloves {god gift}
 13761 | Lair:4   | Identified the +2 pair of gloves of Nirudu {rN++ MR+++ Int-5 Dex-3} (Okawaru gifted it to you on level 4 of the Lair of Beasts)
 13761 | Lair:4   | Lost intelligence.
 15682 | Lair:6   | Found a staircase to the Swamp.
 16118 | Lair:7   | Found a labyrinth entrance.
 16123 | Lab      | Entered a labyrinth
 16814 | Lab      | Noticed a minotaur
 16837 | Lab      | Killed a minotaur
 16837 | Lab      | Reached skill level 1 in Stealth
 17078 | Lab      | Identified Ramun's Guide on Clay (You found it in a labyrinth)
 17144 | Lair:7   | Received a gift from Okawaru
 17397 | Lair:7   | Reached ****** piety under Okawaru
 17397 | Lair:7   | Received a gift from Okawaru
 17592 | Lair:7   | Noticed Snorg
 17604 | Lair:7   | Killed Snorg
 17604 | Lair:7   | Reached skill level 10 in Dodging
 17793 | Lair:7   | Reached XP level 14. HP: 125/125 MP: 15/15
 18022 | Lair:8   | Entered Level 8 of the Lair of Beasts
 18036 | Lair:8   | Noticed dricus's ghost (journeyman GrEE)
 18088 | Lair:8   | Killed dricus's ghost
 19160 | Lair:8   | Received a gift from Okawaru
 19245 | Lair:8   | Received a gift from Okawaru
 19279 | Lair:8   | Reached skill level 15 in Shields
 19426 | Lair:8   | Found a runed door.
 19427 | Lair:8   | Found a viscous altar of Jiyva.
 19427 | Lair:8   | Found a staircase to the Slime Pits.
 19427 | Lair:8   | Noticed an acid blob
 19645 | Lair:8   | Received a gift from Okawaru
 20491 | Lair:3   | Killed Rupert
 21751 | D:12     | Found a roughly hewn altar of Beogh.
 21984 | D:12     | Reached skill level 15 in Long Blades
 22860 | D:13     | Reached XP level 15. HP: 116/135 MP: 17/17
 23037 | D:13     | Received a gift from Okawaru
 23540 | D:14     | Found a gate to the Vaults.
 24224 | D:15     | Entered Level 15 of the Dungeon
 24650 | D:15     | Found Nebigh's Distillery.
 24757 | D:15     | Received a gift from Okawaru
 24812 | D:15     | Reached skill level 15 in Armour
 24860 | D:15     | Found a glowing golden altar of the Shining One.
 24878 | D:15     | Found a staircase to the Depths.
 24878 | D:15     | Noticed a frost giant
 24891 | D:15     | Killed a frost giant
 26220 | Orc:1    | Entered Level 1 of the Orcish Mines
 26358 | Orc:1    | Found a roughly hewn altar of Beogh.
 26473 | Orc:2    | Entered Level 2 of the Orcish Mines
 26546 | Orc:2    | Found a staircase to the Elven Halls.
 26735 | Orc:2    | Received a gift from Okawaru
 27050 | Orc:2    | Found Laodd's Weapon Emporium.
 27050 | Orc:2    | Found Nirit's Magic Scroll Shop.
 27052 | Orc:2    | Found Leqodosi's General Store.
 27052 | Orc:2    | Found Qeesmez's Antique Armour Shop.
 27061 | Orc:2    | Bought a scroll of enchant armour for 97 gold pieces
 27066 | Orc:2    | Bought an ichor-stained shield for 313 gold pieces
 27076 | Orc:2    | Identified the +2 shield of the Lair of Beasts {rCorr SInv} (You bought it in a shop on level 2 of the Orcish Mines)
 27196 | Orc:2    | Found Xateasch's Weapon Boutique.
 27666 | Orc:1    | Reached XP level 16. HP: 146/146 MP: 18/18
 27857 | Snake:1  | Entered Level 1 of the Snake Pit
 28541 | Snake:1  | Noticed Aizul
 28551 | Snake:1  | Killed Aizul
 29258 | Snake:2  | Received a gift from Okawaru
 29542 | Snake:2  | Reached skill level 15 in Fighting
 31253 | Snake:3  | Received a gift from Okawaru
 31927 | Snake:4  | Entered Level 4 of the Snake Pit
 31937 | Snake:4  | Reached XP level 17. HP: 97/157 MP: 19/19
 32353 | Snake:4  | Noticed Agnes
 32361 | Snake:4  | Killed Agnes
 32363 | Snake:4  | Received a gift from Okawaru
 34191 | Snake:4  | Received a gift from Okawaru
 34234 | Snake:4  | Found a shadowy altar of Dithmenos.
 35415 | Snake:4  | Got a serpentine rune of Zot
 35456 | Snake:4  | Received a gift from Okawaru
 35632 | Snake:4  | Reached XP level 18. HP: 130/168 MP: 20/20
 36095 | Swamp:1  | Entered Level 1 of the Swamp
 37130 | Swamp:2  | Noticed Roxanne
 37152 | Swamp:2  | Killed Roxanne
 37574 | Swamp:3  | Got a pair of slimy gloves
 37585 | Swamp:3  | Identified the +0 pair of gloves of Pessimism {-Tele rN+ Str+4} (You acquired it on level 3 of the Swamp)
 37839 | Swamp:3  | Noticed Jorgrun
 37856 | Swamp:3  | Killed Jorgrun
 37874 | Swamp:3  | Noticed Kiel97's ghost (adept MiGl)
 37904 | Swamp:3  | Killed Kiel97's ghost
 38539 | Swamp:4  | Entered Level 4 of the Swamp
 38554 | Swamp:4  | Noticed Kirke
 38683 | Swamp:3  | Killed Kirke
 38978 | Swamp:3  | Received a gift from Okawaru
 39227 | Swamp:4  | Noticed the 27-headed Lernaean hydra
 39245 | Swamp:4  | Killed the 22-headed Lernaean hydra
 39297 | Swamp:4  | Got a decaying rune of Zot
 39460 | Swamp:4  | Got a jewelled double sword
 39461 | Swamp:4  | Identified the +5 double sword of Evisceration {distort, Str+3} (You acquired it on level 4 of the Swamp)
 40078 | Lair:1   | Lost intelligence.
 40192 | Elf:1    | Entered Level 1 of the Elven Halls
 40246 | Elf:1    | Noticed Louise
 40285 | Elf:1    | Killed Louise
 40287 | Elf:1    | Got an ichor-stained large shield
 40298 | Elf:1    | Identified the +1 large shield of the Last Lives {rF+ MR++ Int-5} (You took it off Louise on level 1 of the Elven Halls)
 40405 | Elf:1    | Slain by a sun demon

Skill      XL: |  1  2  3  4  5  6  7  8  9 10 11 12 13 14 15 16 17 18 |
---------------+-------------------------------------------------------+-----
Fighting       | 4 5 6 7 8 10 11 12 13 14 15 16 17 | 17.2
Armour         | 4 5 6 7 9 10 11 13 14 15 16 17 | 17.6
Shields        | 4 5 6 7 9 10 12 13 14 15 16 17 18 20 | 20.0
Dodging        | 2 3 4 5 6 7 8 10 11 | 11.3
Long Blades    | 3 4 6 7 9 10 12 13 15 17 18 19 20 | 20.5
Invocations    | 1 3 4 |  4.8
Stealth        | 1 |  1.6
Evocations     | |  0.5

Action                   |  1- 3 |  4- 6 |  7- 9 | 10-12 | 13-15 | 16-18 || total
-------------------------+-------+-------+-------+-------+-------+-------++-------
Melee: Long sword        |    68 |   180 |   405 |    97 |   453 |       ||  1203
       Headbutt          |     8 |    33 |    92 |   309 |   601 |   447 ||  1490
       Falchion          |       |       |       |   966 |   435 |       ||  1401
       Scimitar          |       |       |       |       |   822 |    14 ||   836
       Demon blade       |       |       |       |       |    35 |  1442 ||  1477
Invok: Heroism           |       |       |     7 |    20 |    22 |    13 ||    62
       Finesse           |       |       |       |     1 |     6 |       ||     7
 Abil: Evoke Flight      |       |       |       |       |     2 |       ||     2
Evoke: Wand              |       |       |       |       |     1 |     2 ||     3
  Use: Scroll            |       |       |     9 |    19 |    11 |    10 ||    49
       Potion            |       |       |     1 |       |     1 |    12 ||    14
 Stab: Confused          |       |       |       |       |       |     1 ||     1
  Eat: Chunk             |       |     5 |    14 |    23 |    43 |    33 ||   118
       Beef jerky        |       |       |       |     2 |     1 |     1 ||     4
       Pizza             |       |       |       |     1 |     1 |     1 ||     3
       Fruit             |       |       |       |       |     5 |     9 ||    14
Armor: Scale mail        |    33 |    92 |    77 |       |       |       ||   202
       Chain mail        |       |       |   117 |   246 |   341 |    61 ||   765
       Plate armour      |       |       |       |   257 |   432 |       ||   689
       Crystal plate arm |       |       |       |       |       |   600 ||   600
Dodge: Dodged            |    20 |    74 |   162 |   494 |  1074 |   506 ||  2330
Block: Shield            |    36 |   106 |   241 |   361 |     8 |   608 ||  1360
       Buckler           |       |       |       |   211 |   698 |       ||   909
       Large shield      |       |       |       |       |       |   757 ||   757
